 Dungeon Crawl Stone Soup version 0.30.0-20-g3b4254fcbd (webtiles) character file.

Game seed: 11915212703918566028

8241 MacCMillion the Cleaver (level 11, -5/93 HPs)
             Began as a Ghoul Fighter on June 2, 2023.
             Was an Elder of Okawaru.
             Slain by an acid dragon (7 damage)
             ... on level 10 of the Dungeon.
             The game lasted 00:14:29 (13787 turns).

MacCMillion the Cleaver (Ghoul Fighter)            Turns: 13787, Time: 00:14:30

Health: -5/93      AC:  0    Str: 25    XL:     11   Next: 27%
Magic:  13/13      EV:  9    Int:  3    God:    Okawaru [****..]
Gold:   644        SH:  5    Dex:  8    Spells: 10/10 levels left

rFire   . . .        a - +0 war axe
rCold   + . .        G - +1 buckler {rN+}
rNeg    + + +        p - +0 pearl dragon scales
rPois   ∞            (no helmet)
rElec   .            C - +0 cloak
rCorr   .            r - +0 pair of gloves
SInv    .            (no boots)
Will    .....        (no amulet) Stlth
                     (no ring)
HPRegen 0.00/turn    (no ring)
MPRegen 0.13/turn

%: no passive effects
@: corroded, inhibited regen
A: claws 1, cold resistance 1, negative energy resistance 3, inhibited
regeneration, torment resistance 2, devour on kill
a: Renounce Religion, Heroism, Finesse


You were on level 10 of the Dungeon.
You worshipped Okawaru.
Okawaru was greatly pleased with you.
You visited 2 branches of the dungeon, and saw 12 of its levels.

You collected 644 gold pieces.

Inventory:

Hand Weapons
 a - a +0 war axe (weapon)
Missiles
 F - a throwing net
Armour
 c - a +0 buckler
 p - +0 pearl dragon scales (worn)
 r - a +0 pair of gloves (worn)
 C - a +0 cloak (worn)
 G - a +1 buckler of positive energy (worn)
Jewellery
 b - a ring of willpower
 k - a ring of magical power
Wands
 u - a wand of paralysis (17)
 y - a wand of acid (2) (quivered)
 B - a wand of flame (11)
Scrolls
 f - 7 scrolls of teleportation {unknown}
 h - 2 scrolls of magic mapping {unknown}
 i - 12 scrolls of identify {unknown}
 j - 5 scrolls of fog {unknown}
 m - a scroll of fear {unknown}
 n - 3 scrolls of enchant armour {unknown}
 o - 2 scrolls of torment {unknown}
 q - a scroll of enchant weapon {unknown}
 t - a scroll of noise {unknown}
 w - 2 scrolls of poison {unknown}
 D - a scroll of blinking {unknown}
 E - 2 scrolls of amnesia {unknown}
 I - a scroll of immolation {unknown}
Potions
 d - 2 potions of might
 e - 3 potions of lignification {unknown}
 g - 3 potions of flight {unknown}
 l - 4 potions of heal wounds {unknown}
 s - a potion of degeneration {unknown}
 v - 3 potions of magic {unknown}
 x - 3 potions of haste {unknown}
 z - a potion of curing {unknown}
 A - a potion of invisibility {unknown}
 H - a potion of resistance {unknown}
 J - a potion of cancellation {unknown}
 K - a potion of attraction {unknown}


   Skills:
 + Level 7.6 Fighting
 * Level 12.8 Axes
 + Level 6.3 Armour
 - Level 4.0 Shields
 - Level 4.0 Invocations


You had 10 spell levels left.
You didn't know any spells.
Your spell library contained the following spells:

 Spells                   Type           Power      Damage    Failure   Level
 Dazzling Flash           Conj/Hex       0%         N/A       99%         3
 Ignite Poison            Fire/Tmut/Pois 0%         N/A       99%         3
 Volatile Blastmotes      Fire/Tloc      0%         2d10      99%         3
 Iskenderun's Mystic Bla  Conj/Tloc      0%         2d3       100%        4
 Sticky Flame             Conj/Fire      0%         2d3       100%        4
 Starburst                Conj/Fire      0%         6d3       100%        6
 Ozocubu's Refrigeration  Ice            0%         4d7       100%        7
 Ignition                 Fire           0%         3d3       100%        8
 Polar Vortex             Ice            0%         N/A       100%        9
 Simulacrum               Ice/Necr       Unusable   N/A       N/A         6

Dungeon Overview and Level Annotations

Branches:
Dungeon (11/15)            Temple (1/1) D:4
   Lair: D:8-11         Orc: D:9-12

Altars:
Fedhas
Makhleb
Okawaru
Qazlal
Ru
Sif Muna
Trog
Uskayaw
Wu Jian
Xom
Yredelemnul

Shops:
D:3 (

Annotations:
D:5 Prince Ribbit
D:9 4 runed translucent doors
D:10 2 transporters
D:11 Grum


Innate Abilities, Weirdness & Mutations

You are immune to poison.
You have sharp fingernails.
Your flesh is cold resistant. (rC+)
You are immune to negative energy. (rN+++)
You do not regenerate when monsters are visible.
You are immune to unholy pain and torment.
You thrive by killing the living.


Message History

The acid dragon spits acid at you. The splash of acid hits you!
The acid corrodes you!
You hit the acid dragon.
The acid dragon is severely wounded.
The acid dragon bites you! You block the acid dragon's attack.
You closely miss the acid dragon.
The acid dragon is severely wounded.
The acid dragon barely misses you.
The acid dragon claws you but does no damage.
You closely miss the acid dragon.
The acid dragon is severely wounded.
The acid dragon bites you!
* * * LOW HITPOINT WARNING * * *
The acid dragon claws you.
* * * LOW HITPOINT WARNING * * *
You barely miss the acid dragon.
The acid dragon is severely wounded.
The acid dragon spits acid at you. The splash of acid hits you!
* * * LOW HITPOINT WARNING * * *
The acid corrodes you!
You hit the acid dragon.
The acid dragon is severely wounded.
Unknown command.
You barely miss the acid dragon.
The acid dragon is severely wounded.
You block the acid dragon's attack. The acid dragon claws you.
* * * LOW HITPOINT WARNING * * *
Unknown command.
Okay, then.
You hit the acid dragon.
The acid dragon is almost dead.
The acid dragon bites you.
* * * LOW HITPOINT WARNING * * *
The acid dragon claws you.
* * * LOW HITPOINT WARNING * * *
You hit the acid dragon but do no damage.
The acid dragon is almost dead.
The acid dragon bites you!
You die...

#.....†####.....###,,*
#..###.>†.........#,**
#..# ######.....#.#.#
#..# ****#.....#.#.#
#..# *,,,.<......#.#
#..# *,*###...#..#.#
#..#***,* ##.##..#.#
....,**,* ###.##..#.#
,,,...*.###....D@.#.#
,,,...,..#..........#
*,*...#,............#
,,*#.##.##.......#.##
***#.#*..........#)#
#.#***#.......#.# #.#
#.......#.#
####.#####.......#.#
........#####.####.#


You could see an acid dragon.

Vanquished Creatures
  Harold (D:9)
  A two-headed ogre (D:10)
  3 trolls
  A hornet (D:9)
  Grinder (D:3)
  A wraith (D:9)
  A wyvern (D:10)
  12 yaks
  An acid dragon (D:9)
  An ice beast (D:6)
  An orc warrior (D:8)
  A sky beast (D:6)
  2 black bears
  3 ogres
  3 wolves (D:10)
  4 centaurs
  A phantom (D:7)
  4 kobold brigands
  4 bullfrogs
  A gnoll sergeant (D:8)
  4 scorpions
  11 wights
  6 killer bees
  2 howler monkeys (D:8)
  3 hounds
  A jelly (D:4)
  4 orc priests
  Crazy Yiuf (D:6)
  3 sleepcaps
  3 iguanas
  4 orc wizards
  10 gnolls
  6 adders
  A shadow imp (D:6)
  3 worms
  3 dart slugs
  19 orcs
  6 endoplasms
  3 goblins
  8 hobgoblins
  12 jackals
  4 quokkas
  4 ball pythons
  7 bats
  5 frilled lizards
  29 kobolds
  6 rats
215 creatures vanquished.

Vanquished Creatures (others)
  A howler monkey (D:8)
  A kobold (D:6)
2 creatures vanquished.

Grand Total: 217 creatures vanquished

Notes
Turn   | Place    | Note
-------+----------+-------------------------------------------
     0 | D:1      | MacCMillion the Ghoul Fighter began the quest for the Orb.
     0 | D:1      | Reached XP level 1. HP: 19/19 MP: 0/0
   118 | D:1      | Reached skill level 2 in Axes
   121 | D:1      | Reached XP level 2. HP: 26/26 MP: 1/1
   564 | D:1      | Reached XP level 3. HP: 31/31 MP: 2/2
  1011 | D:2      | Found a hide-covered altar of Uskayaw.
  1290 | D:2      | Reached XP level 4. HP: 37/38 MP: 3/3
  1442 | D:2      | Reached skill level 3 in Axes
  2043 | D:3      | Found a stormy altar of Qazlal.
  2050 | D:3      | Found a shimmering altar of Xom.
  2094 | D:3      | Reached XP level 5. HP: 37/45 MP: 4/4
  2283 | D:3      | Noticed Grinder
  2407 | D:3      | Paralysed by Grinder for 3 turns
  2427 | D:3      | Paralysed by Grinder for 5 turns
  2432 | D:3      | Killed Grinder
  2433 | D:3      | Reached skill level 5 in Axes
  2433 | D:3      | Reached XP level 6. HP: 40/51 MP: 5/5
  2470 | D:3      | Found a faded altar of an unknown god.
  2515 | D:3      | Found Basouxekoi's Weapon Boutique.
  2883 | D:4      | Found a staircase to the Ecumenical Temple.
  2898 | Temple   | Entered the Ecumenical Temple
  2957 | Temple   | Became a worshipper of Warmaster Okawaru
  3536 | D:5      | Entered Level 5 of the Dungeon
  3544 | D:5      | Reached skill level 6 in Axes
  3544 | D:5      | Reached XP level 7. HP: 41/57 MP: 6/6
  3692 | D:5      | Found a burning altar of Makhleb.
  3793 | D:5      | Noticed a two-headed ogre
  3850 | D:5      | Reached skill level 7 in Axes
  3903 | D:5      | Noticed Prince Ribbit
  4568 | D:6      | Reached * piety under Okawaru
  4569 | D:6      | Reached XP level 8. HP: 63/63 MP: 7/7
  4608 | D:6      | Reached skill level 1 in Invocations
  4729 | D:6      | Reached skill level 8 in Axes
  5431 | D:6      | Reached ** piety under Okawaru
  5526 | D:6      | Found a runed translucent door.
  5527 | D:6      | Noticed Crazy Yiuf
  5987 | D:6      | Reached skill level 9 in Axes
  6131 | D:6      | Killed Crazy Yiuf
  6269 | D:6      | Identified the +9 hammer of the Fae God {venom, Stlth+}
  6381 | D:5      | Reached XP level 9. HP: 70/70 MP: 11/11
  7166 | D:7      | Identified the +5 chain mail "Liliquru" {Will+ Int+4}
  7561 | D:7      | Reached skill level 10 in Axes
  9604 | D:9      | Reached *** piety under Okawaru
  9605 | D:9      | Reached skill level 5 in Fighting
  9615 | D:9      | Reached XP level 10. HP: 18/81 MP: 12/12
  9818 | D:9      | Reached skill level 11 in Axes
 10230 | D:9      | Noticed Harold
 10871 | D:9      | Killed Harold
 10995 | D:9      | Reached **** piety under Okawaru
 11207 | D:9      | Reached skill level 5 in Armour
 11644 | D:9      | Found a huge runed translucent gate.
 11644 | D:9      | Found a huge runed translucent gate.
 11644 | D:9      | Found a huge runed translucent gate.
 11644 | D:9      | Found a huge runed translucent gate.
 11644 | D:9      | Noticed a death yak
 11644 | D:9      | Noticed a manticore
 11737 | D:9      | Reached skill level 12 in Axes
 12119 | D:10     | Entered Level 10 of the Dungeon
 12163 | D:10     | Found a basalt altar of Yredelemnul.
 12247 | D:10     | Found a transporter.
 12411 | D:10     | Reached XP level 11. HP: 30/92 MP: 13/13
 12786 | D:10     | Noticed a two-headed ogre
 12794 | D:10     | Killed a two-headed ogre
 13258 | D:10     | Found a transporter.
 13346 | D:11     | Noticed Grum
 13516 | D:10     | Found a basalt altar of Yredelemnul.
 13786 | D:10     | HP: 4/93 [acid dragon (3)]
 13787 | D:10     | Slain by an acid dragon

Illustrated notes

Levels and vault maps discovered:
D:1:      elethiomel_arrival_shortcut, layout_loops_ring
D:2:      layout_basic, basic_altar
D:3:      layout_loops_cross, mainiacjoe_overflow_big_doors, serial_shops,
          nicolae_shop_pleasant_corner_grove, chequers_ecumenical_altar_island,
          minmay_misc_feat_columns, uniq_grinder
D:4:      layout_loops_ring, temple_fountains
D:5:      layout_basic, mainiacjoe_overflow_concentric_impassable,
          serial_co_window_serial, co_window_paths_b, co_window_corner_a,
          co_window_paths_a, co_window_of_opportunity_a, co_window_corner_a,
          co_window_of_opportunity_a, co_window_corner_a, co_window_corner_a,
          co_window_corner_a, co_window_2corner, co_window_2corner,
          co_window_unsneaky_path_b, co_window_paths_e, glass_columns_a,
          st_stairs_13, uniq_prince_ribbit1
D:6:      layout_layer_cave, uniq_crazy_yiuf_cottage
D:7:      layout_basic
D:8:      layout_basic, minmay_misc_feat_hallway
D:9:      lemuel_bear_cage, layout_loops_corners, amcnicky_altar_gilded,
          uniq_harold
D:10:     layout_loops_ring, mainiacjoe_overflow_catwalk, nicolae_diode_stairs
D:11:     layout_layer_cave, due_lair_maze_entry_diamond,
          kennysheep_orc_monster_closet_entryway, minivault_11, uniq_grum
Temple:   minmay_crystal_spiral_temple

Skill      XL: |  1  2  3  4  5  6  7  8  9 10 11 |
---------------+----------------------------------+-----
Axes           | 2 3 5 6 7 9 10 12 | 12.8
Shields        | 3 4 |  4.0
Invocations    | 4 |  4.0
Armour         | 4 5 6 |  6.3
Fighting       | 5 7 |  7.6

Action                     |  1- 3 |  4- 6 |  7- 9 | 10-12 || total
---------------------------+-------+-------+-------+-------++-------
  Melee: War axe           |   113 |   146 |   443 |   268 ||   970
 Invoke: Heroism           |       |       |       |     5 ||     5
  Evoke: Wand              |       |       |     2 |     1 ||     3
 Armour: Scale mail        |    49 |       |       |       ||    49
         Pearl dragon scal |    12 |   117 |   209 |   107 ||   445
  Dodge: Dodged            |    44 |    76 |   201 |    87 ||   408
  Block: Buckler           |    21 |    45 |    90 |    56 ||   212
